Map: Defender's Landing LE

Players

Zest

  • Race: Protoss Protoss
  • League: Master
  • Spawn Location: 1:00

ByuN - Winner!

  • Race: Terran Terran
  • Spawn Location: 7:00

Event: HomeStory Cup XV

VOD

Have the link to the VOD?

Description

Time

  • Played on: July 23, 2017, 4:57 p.m.
  • Length: 10:16

All games in this series

Show
View Real Time Build Order
Export as new Build Order

Zest Protoss 

Build Orders: Oracle Opening 

Get SALT Encoding   

  12  0:08  Pylon  
  12  0:13  Probe (Chrono Boost)  
  13  0:24  Probe (Chrono Boost)  
  14  0:30  Gateway  
  14  0:35  Probe (Chrono Boost)  
  15  0:40  Assimilator  
  15  0:47  Assimilator  
  15  0:49  Probe (Chrono Boost)  
  16  1:00  Probe (Chrono Boost)  
  17  1:10  Probe (Chrono Boost)  
  18  1:17  Cybernetics Core  
  18  1:21  Probe (Chrono Boost)  
  19  1:31  Pylon, Probe (Chrono Boost)  
  20  1:42  Probe (Chrono Boost)  
  21  1:53  Stargate  
  21  1:55  Mothership Core (Chrono Boost)  
  21  2:01  Adept (Chrono Boost)  
  25  2:13  Pylon, Warp Gate  
  27  2:36  Oracle (Chrono Boost)  
  28  2:38  Pylon  
  28  2:44  Probe  
  28  2:56  Probe  
  27  3:08  Probe, Oracle (Chrono Boost)  
  33  3:31  Probe  
  34  3:38  Gateway  
  34  3:40  Nexus  
  32  3:43  Probe  
  33  3:55  Probe, Gateway  
  34  3:59  Pylon  
  34  4:10  Pylon  
  34  4:17  Probe  
  34  4:22  Stalker  
  37  4:29  Probe  
  38  4:40  Twilight Council  
  38  4:42  Probe  
  39  4:53  Stalker x3  
  39  4:56  Probe  
  39  4:57  Probe  
  47  5:08  Probe  
  47  5:09  Probe  
  49  5:18  Probe, Dark Shrine  
  50  5:21  Probe  
  51  5:30  Probe  
  51  5:33  Probe  
  53  5:40  Stalker  
  53  5:41  Stalker x2  
  59  5:43  Pylon  
  59  5:44  Probe  
  59  5:46  Probe, Assimilator  
  59  5:49  Assimilator  
  61  5:53  Pylon  
  61  5:54  Probe  
  62  6:01  Probe  
  62  6:02  Pylon  
  63  6:04  Robotics Facility  
  63  6:07  Probe  
  64  6:17  Probe  
  65  6:24  Probe  
  62  6:29  Probe  
  62  6:31  Pylon  
  62  6:32  Dark Templar x2  
  68  6:38  Gateway  
  68  6:39  Dark Templar  
  70  6:40  Gateway  
  70  6:48  Gateway  
  67  7:02  Charge (Chrono Boost)  
  63  7:16  Gateway  
  63  7:18  Gateway  
  63  7:22  Forge  
  61  7:24  Immortal (Chrono Boost)  
  61  7:25  Dark Templar  
  61  7:29  Probe x2  
  69  7:34  Pylon, Dark Templar  
  71  7:40  Pylon  
  71  7:43  Sentry x2  
  75  7:47  Pylon x2  
  75  7:58  Dark Templar  
  75  8:09  Nexus  
  73  8:16  Dark Templar  
  77  8:25  Zealot x3  
  75  8:34  Dark Templar  
  73  8:41  Dark Templar  
  75  8:53  Zealot x5  
  73  9:10  Sentry x2  
  73  9:15  Robotics Facility  
  77  9:23  Dark Templar  
  79  9:28  Zealot x3, Dark Templar  
  79  9:29  Zealot  
  69  9:49  Zealot x3, Sentry x2  
  57  10:00  Zealot x2  
Show
View Real Time Build Order
Export as new Build Order

ByuN Terran - Winner!

Build Orders: Cyclone Opening, MMM Bio 

Get SALT Encoding   

  12  0:00  SCV  
  13  0:12  SCV  
  14  0:17  Supply Depot  
  14  0:24  SCV  
  15  0:39  SCV, Barracks  
  16  0:44  Refinery  
  16  0:51  SCV  
  17  1:03  SCV  
  18  1:15  SCV  
  19  1:26  Marine  
  19  1:27  Orbital Command  
  20  1:40  Command Center  
  20  1:45  Barracks Reactor  
  20  1:52  SCV  
  21  1:55  Supply Depot  
  21  2:04  SCV  
  21  2:07  Factory  
  22  2:16  SCV  
  22  2:18  Refinery  
  22  2:21  Marine x2  
  25  2:29  SCV  
  26  2:39  Marine x2  
  26  2:41  SCV  
  29  2:52  Cyclone  
  29  2:53  SCV  
  29  2:57  Marine  
  35  3:01  Marine  
  35  3:04  Supply Depot  
  34  3:11  Orbital Command  
  34  3:15  SCV  
  34  3:19  Marine  
  28  3:28  Cyclone  
  28  3:31  SCV  
  32  3:38  Supply Depot  
  32  3:43  SCV  
  32  3:46  SCV  
  34  3:49  Barracks Reactor  
  34  3:55  SCV  
  33  3:58  Starport  
  33  4:00  SCV  
  34  4:03  Cyclone  
  37  4:13  Barracks  
  37  4:16  Barracks  
  37  4:18  SCV  
  37  4:19  SCV  
  39  4:30  Marine x2  
  41  4:32  SCV x2  
  41  4:36  Viking  
  41  4:38  Factory Tech Lab  
  44  4:40  Supply Depot  
  44  4:44  SCV  
  44  4:45  SCV  
  44  4:49  Marine x2  
  46  5:06  Barracks Tech Lab  
  46  5:08  Siege Tank, Marine, SCV x2  
  52  5:18  Marine x2, Engineering Bay  
  52  5:20  SCV x2  
  52  5:21  Supply Depot  
  56  5:26  Marine  
  56  5:27  Marine  
  57  5:31  Stimpack  
  57  5:32  SCV x2  
  59  5:40  Marine  
  59  5:41  Marine  
  58  5:44  SCV x2  
  58  5:47  Starport Reactor  
  60  5:53  Factory Reactor  
  60  5:56  SCV x2  
  62  5:58  Terran Infantry Weapons Level 1  
  62  6:00  Refinery  
  62  6:01  Marine x3  
  65  6:04  Marine  
  65  6:08  SCV x2, Supply Depot  
  64  6:19  Marine x2  
  64  6:21  SCV x2  
  66  6:29  Marauder x2  
  68  6:33  SCV x2  
  68  6:36  Marine  
  71  6:40  Medivac  
  71  6:41  Medivac  
  71  6:45  SCV x2  
  77  6:47  Supply Depot  
  77  6:52  Marauder  
  75  6:57  SCV x2  
  78  7:01  Marauder  
  78  7:03  Combat Shields  
  77  7:09  SCV x2  
  77  7:11  Missile Turret  
  77  7:14  Marine, Missile Turret  
  80  7:17  Marine  
  80  7:21  SCV  
  82  7:22  SCV  
  82  7:29  Marauder x2  
  86  7:38  Supply Depot  
  86  7:42  Supply Depot  
  86  7:51  SCV  
  86  7:52  Marine  
  86  7:55  Marine  
  85  7:59  SCV  
  85  8:05  Supply Depot  
  86  8:08  Supply Depot  
  86  8:10  Concussive Shells  
  86  8:13  SCV  
  86  8:29  SCV, Marine x3, Widow Mine x2  
  86  8:30  Marauder, SCV  
  92  8:39  Medivac  
  93  8:41  SCV  
  93  8:42  Supply Depot  
  93  8:48  Marine x2, Supply Depot  
  94  8:57  Marauder, SCV  
  94  8:58  Marauder  
  94  9:02  Medivac  
  94  9:03  SCV  
  94  9:05  Marine  
  94  9:09  Marine, Medivac, Widow Mine  
  100  9:13  Supply Depot  
  100  9:18  Marauder  
  100  9:19  Marine  
  100  9:23  Marine, Widow Mine  
  105  9:32  Missile Turret  
  105  9:37  Marauder  
  106  9:40  Marauder  
  101  9:49  Marine x2  
Tags
 
Add a new tag
Caveats
  • Supply blocks, unpowered buildings, or Contaminate may cause inaccurate times.
  • Supply counts are checked every 10 seconds.